 Dungeon Crawl Stone Soup version 0.21.1-1-g345015f (webtiles) character file.

217 Fang the Skirmisher (level 5, -1/30 HPs)
             Began as a Gargoyle Berserker on June 6, 2018.
             Was a Believer of Trog.
             Slain by an orc
             ... wielding a +0 trident
              (3 damage)
             ... on level 3 of the Dungeon.
             The game lasted 00:03:38 (2850 turns).

Fang the Skirmisher (Gargoyle Berserker)            Turns: 2850, Time: 00:03:39

Health: -1/30      AC:  6    Str: 22    XL:     5   Next: 94%
Magic:  5/5        EV: 12    Int:  9    God:    Trog [**....]
Gold:   140        SH:  0    Dex:  9    Spells: 4/4 levels left

rFire    . . .     SeeInvis .   a - +0 hand axe
rCold    . . .     Gourm    .   (no shield)
rNeg     + . .     Faith    .   b - +0 animal skin
rPois    ∞         Spirit   .   (helmet restricted)
rElec    +         Reflect  .   (no cloak)
rCorr    .         Harm     .   (no gloves)
MR       .....                  (no boots)
Stlth    ++........             (no amulet)
HPRegen  0.10/turn              (no ring)
MPRegen  0.09/turn              (no ring)

@: berserk cooldown, slowed, very slow
A: horns 1, clever 1, frail 1, negative energy resistance 1, electricity
resistance, unbreathing, petrification resistance, rot immunity, AC +4
a: Berserk, Trog's Hand, Burn Spellbooks, Renounce Religion


You were on level 3 of the Dungeon.
You worshipped Trog.
Trog was pleased with you.
You were very hungry.

You visited 1 branch of the dungeon, and saw 3 of its levels.

You collected 140 gold pieces.

Inventory:

Hand Weapons
 a - a +0 hand axe (weapon)
Armour
 b - a +0 animal skin (worn)
Jewellery
 l - an uncursed ring of ice {unknown}
Scrolls
 g - 3 scrolls of identify {unknown}
 h - 2 scrolls of teleportation {unknown}
 i - 2 scrolls of remove curse {unknown}
 j - 2 scrolls of enchant armour {unknown}
 k - 3 scrolls of immolation {unknown}
 n - a scroll of blinking {unknown}
Potions
 d - 4 potions of agility
 m - a potion of might {unknown}
 o - 2 potions of resistance {unknown}
Comestibles
 c - 8 rations


   Skills:
 + Level 4.4 Fighting
 + Level 4.4 Axes
 + Level 2.3 Armour
 + Level 2.5 Dodging
 + Level 1.7 Stealth


You had 4 spell levels left.
You didn't know any spells.

Dungeon Overview and Level Annotations

Branches:
Dungeon (3/15)

Altars:
Dithmenos
Yredelemnul
The Shining One


Innate Abilities, Weirdness & Mutations

You are resistant to torment.
Your stone body is resilient. (AC +4)
You are immune to poison.
You resist negative energy. (rN+)
You are resistant to electric shocks. (rElec)
You can survive without breathing.
You are immune to petrification.
You are immune to rotting.
You have a pair of small horns on your head.
Your mind is acute. (Int +2)
You are frail. (-10% HP)


Message History

Something hits you.
* * * LOW HITPOINT WARNING * * *
The orc hits you with a trident.
* * * LOW HITPOINT WARNING * * *
The orc misses you. The orc hits you but does no damage.
Something hits you but does no damage. The orc hits you with a trident.
* * * LOW HITPOINT WARNING * * *
You're too confused!
You feel better. The orc closely misses you. Something hits you.
* * * LOW HITPOINT WARNING * * *
The orc closely misses you. The orc misses you. The orc hits you with a club.
* * * LOW HITPOINT WARNING * * *
It was a potion of mutation.
You feel extremely strange.
You feel frail.
You feel clever. A pair of horns grows on your head!
You hear some strange, mumbled words.
A puff of flame appears from out of thin air!
The puff of flame misses you. The orc hits you with a falchion.
* * * LOW HITPOINT WARNING * * *
The orc hits you with a trident.
You die...

....# .#### .# †#
######## ## [#
###########......#...
.#
#...........P.......#
.#
#.#########.._).###
.# #.# #.{o..# .# #.#
#.@o..# .# #.######
#.#o### .####......#
#..... ......####.#
####### #####.# #.#
#.# #.# #..


You could see 3 orcs.

Vanquished Creatures
  An orc priest (D:3)
  Natasha (twice) (D:2)
  Robin (D:2)
  2 adders
  An ooze (D:1)
  A worm (D:2)
  4 dart slugs
  2 leopard geckos
  4 orcs (D:3)
  11 bats
  A giant cockroach (D:3)
  15 goblins
  7 hobgoblins
  A jackal (D:3)
  A ball python (D:3)
  4 frilled lizards
  5 kobolds
  5 rats
  2 withered plants (D:3)
70 creatures vanquished.

Vanquished Creatures (others)
  Natasha (D:2)
  A withered plant (D:3)
2 creatures vanquished.

Grand Total: 72 creatures vanquished

Notes
Turn   | Place    | Note
-------+----------+-------------------------------------------
     0 | D:1      | Fang the Gargoyle Berserker began the quest for the Orb.
     0 | D:1      | Reached XP level 1. HP: 14/14 MP: 1/1
    67 | D:1      | Reached XP level 2. HP: 17/19 MP: 2/2
   579 | D:1      | Reached XP level 3. HP: 24/24 MP: 3/3
  1018 | D:2      | Noticed Robin
  1023 | D:2      | Killed Robin
  1026 | D:2      | Reached ** piety under Trog
  1191 | D:2      | Reached XP level 4. HP: 25/29 MP: 4/4
  1515 | D:2      | Noticed Natasha
  1522 | D:2      | Killed Natasha
  1531 | D:2      | Noticed Natasha
  1550 | D:2      | Killed Natasha
  1550 | D:2      | Reached skill level 1 in Stealth
  1550 | D:2      | Reached XP level 5. HP: 10/33 MP: 5/5
  1930 | D:2      | Found a shadowy altar of Dithmenos.
  2085 | D:2      | Noticed Natasha
  2100 | D:2      | Killed Natasha
  2734 | D:3      | Found a glowing golden altar of the Shining One.
  2816 | D:3      | Found a basalt altar of Yredelemnul.
  2850 | D:3      | Gained mutation: You are frail. (-10% HP) [potion of mutation]
  2850 | D:3      | Gained mutation: Your mind is acute. (Int +2) [potion of mutation]
  2850 | D:3      | Gained mutation: You have a pair of small horns on your head. [potion of mutation]
  2850 | D:3      | Slain by an orc

Skill      XL: |  1  2  3  4 |
---------------+-------------+-----
Axes           | 3 4 |  4.4
Fighting       | 4 |  4.4
Dodging        | 2 |  2.5
Stealth        | 1 |  1.7
Armour         | |  2.3

Action                   |  1- 3 |  4- 6 || total
-------------------------+-------+-------++-------
Melee: Hand axe          |   110 |   157 ||   267
Invok: Berserk           |     1 |     3 ||     4
  Use: Potion            |       |     5 ||     5
 Stab: Sleeping          |     2 |     4 ||     6
  Eat: Chunk             |     2 |     3 ||     5
       Ration            |       |     1 ||     1
Armor: Animal skin       |    38 |    79 ||   117
Dodge: Dodged            |    80 |   118 ||   198
